 Dungeon Crawl Stone Soup version 0.32-a0-768-g0f6f1dd4b9 (webtiles) character file.

Game seed: 7463635929501096109

1 Jefftoothebobb the Caller (level 1, 0/13 HPs)
             Began as a Formicid Summoner on Mar 18, 2024.
             Slain by a ball python (2 damage)
             ... on level 1 of the Dungeon.
             The game lasted 00:05:50 (76 turns).

Jefftoothebobb the Caller (Formicid Summoner)         Turns: 76, Time: 00:05:51

Health: 0/13       AC:  2    Str: 12    XL:     1   Next: 22%
Magic:  3/3        EV:  1    Int: 14    God:
Gold:   7          SH:  0    Dex: 14    Spells: 3/4 levels left

rFire   . . .        (no weapon)
rCold   . . .        (no shield)
rNeg    . . .        a - +0 robe
rPois   .            (helmet unavailable)
rElec   .            (no cloak)
rCorr   .            (no gloves)
SInv    +            (no boots)
Will    .....        (no amulet)
Stlth   ++           (no ring)
HPRegen 0.22/turn    (no ring)
MPRegen 0.08/turn

%: no passive effects
@: constricted
A: permanent stasis, dig shafts and tunnels, antennae 3, four strong arms
a: Dig, Shaft Self


You were on level 1 of the Dungeon.
You visited 1 branch of the dungeon, and saw 1 of its levels.

You collected 7 gold pieces.

Inventory:

Armour
 a - a +0 robe (worn)
Potions
 b - a potion of magic


   Skills:
 + Level 1.7 Dodging
 + Level 2.4 Stealth
 + Level 2.1 Spellcasting
 + Level 4.0 Summonings


You had 3 spell levels left.
You knew the following spells:

 Your Spells              Type           Power      Damage    Failure   Level
a - Summon Small Mammal   Summ           48%        N/A       4%          1

Your spell library contained the following spells:

 Spells                   Type           Power      Damage    Failure   Level
 Call Imp                 Summ           24%        N/A       7%          2
 Call Canine Familiar     Summ           12%        N/A       13%         3
 Summon Blazeheart Golem  Fire/Summ      7%         N/A       69%         4
 Summon Lightning Spire   Summ/Air       7%         N/A       69%         4


Dungeon Overview and Level Annotations

Branches:
Dungeon (1/15)

Altars:


Innate Abilities, Weirdness & Mutations

You cannot be hasted, slowed, berserked, paralysed or teleported.
You can dig through walls and to a lower floor.
You have a pair of large antennae on your head. (SInv)
Your four strong arms can wield two-handed weapons with a shield.


Message History

You sense a monster nearby.
You see here 7 stones.
You open the large door.
A ball python comes into view.
Found 6 gold pieces.
You open the door.
A bat comes into view.
The ball python barely misses you. x2; The bat moves out of view.
The endoplasm quivers.
The jackal barks!
You hit the ball python.
The ball python is severely wounded.
You hear a loud squeak.
The ball python bites you. The ball python barely misses you.
The jackal barks!
You hit the ball python.
You kill the ball python!
The endoplasm jiggles.
Welcome back, Jefftoothebobb the Formicid Summoner.
Press ? for a list of commands and other information.
You barely miss the bat. The bat hits you but does no damage.
The bat hits you but does no damage.
You open the door. The bat completely misses you.
There is an open door here.
You open the door. The ball python misses you. The ball python grabs you.
The ball python constricts you.
You barely miss the ball python. The ball python bites you.
The ball python constricts you. The ball python bites you.
The ball python constricts you.
The ball python's grasp on you weakens, but your attempt to escape fails.
The ball python bites you. The ball python constricts you.
You closely miss the ball python. The ball python bites you.
* * * LOW HITPOINT WARNING * * *
The ball python constricts you.
* * * LOW HITPOINT WARNING * * *
You hit the ball python.
The ball python is heavily wounded.
The ball python bites you.
You die...

...~≈≈ ##'###'## ≈≈~..
...~≈≈ #.......# ≈≈~..
...≈≈≈#+###.#####.#+#+#≈~~..
...~≈≈≈≈'...#...#...#≈≈~~...
...~≈≈≈≈#.###.<.'.⌠†'~≈~..⌠.
...~≈≈≈≈#.###...'.⌠.'≈~~..⌠.
...~≈≈≈≈'...#...#...#≈≈≈~...
...~≈≈#'###.#####.###+#≈≈~..
...~≈≈'..bS@......+ ≈≈≈..
...~~≈†(..##'###'## ≈≈~..
..$~≈≈#'#+#≈≈≈≈≈≈≈# ≈≈~..
...~≈≈≈≈≈≈≈≈≈≈≈≈≈≈≈≈ ≈≈~..
...~≈≈≈≈≈≈≈≈≈≈≈≈≈≈≈≈≈≈ ≈≈≈..
...~~≈J{{~~~≈g~~~~~~≈~~~
.......{...........g....
.......................r
..r....................


You could see a goblin, a bat and a ball python.

Vanquished Creatures
  A ball python (D:1)
  A frilled lizard (D:1)
2 creatures vanquished.

Notes
Turn   | Place    | Note
-------+----------+-------------------------------------------
     0 | D:1      | Jefftoothebobb the Formicid Summoner began the quest for
                  | the Orb.
     0 | D:1      | Reached XP level 1. HP: 13/13 MP: 3/3
    76 | D:1      | Slain by a ball python

Illustrated notes

Levels and vault maps discovered:
D:1:      dpeg_arrival_castle, layout_rooms

Action                     || total
---------------------------++-------
  Melee: Unarmed           ||    10
         Punch             ||     1
 Armour: Robe              ||    16
  Dodge: Dodged            ||     6

Table legend: (Time is in decaauts)
 A = Elapsed time spent in this place.
 B = Non-inter-level travel time spent in this place.
 C = Inter-level travel time spent in this place.
 D = Time resting spent in this place.
 E = Time spent auto-exploring this place.
 F = Levels seen in this place.
 G = Mean time per level.
                   A        B        C        D        E       F      G
               +--------+--------+--------+--------+--------+-----+--------+
         Total |     77 |     37 |     40 |      0 |      0 |   1 |   77.0 |
       Dungeon |     77 |     37 |     40 |      0 |      0 |   1 |   77.0 |
               +--------+--------+--------+--------+--------+-----+--------+

Top non-repeatable levels by time:
     D:1: 77 daAuts
